 Dungeon Crawl Stone Soup version 0.24-a0-580-g6a6c3f83c1 (webtiles) character file.

Game seed: 7274436696249689547

160587 Ijustatesigmund the Warrior (level 17, -26/193 HPs)
             Began as an Ogre Fighter on Aug 22, 2019.
             Was the Champion of Okawaru.
             Killed from afar by a deep elf annihilator (27 damage)
             ... with a bolt of lightning
             ... on level 3 of the Elven Halls.
             The game lasted 01:21:04 (28947 turns).

Ijustatesigmund the Warrior (Ogre Fighter)         Turns: 28947, Time: 01:21:06

Health: -26/193    AC: 29    Str: 24    XL:     17   Next: 76%
Magic:  25/29      EV: 14    Int:  9    God:    Okawaru [******]
Gold:   1136       SH: 17    Dex: 13    Spells: 16/16 levels left

rFire    . . .     SeeInvis +   A - +6 demon whip (elec)
rCold    + + +     Gourm    .   c - +3 shield {rC+ rF+}
rNeg     . . .     Faith    .   H - +2 ice dragon scales
rPois    .         Spirit   .   K - +2 hat {SInv}
rElec    .         Reflect  .   R - +2 cloak {MR+}
rCorr    .         Harm     .   (gloves unavailable)
MR       ++...                  (boots unavailable)
Stlth    +.........             Y - amulet of regeneration
HPRegen  0.82/turn              i - +6 ring of protection
MPRegen  0.21/turn              E - +6 ring of slaying

@: heroism, finesse, studying Long Blades
A: large, unfitting armour, tough skin 1
a: Heroism, Finesse, Renounce Religion


You were on level 3 of the Elven Halls.
You worshipped Okawaru.
Okawaru was exalted by your worship.
You were not hungry.

You visited 5 branches of the dungeon, and saw 26 of its levels.
You visited the Abyss 1 time.
You also visited: Ossuary, Gauntlet and Ice Cave.

You collected 3462 gold pieces.
You spent 2326 gold pieces at shops.

Inventory:

Hand Weapons
 d - the +6 mace "Agoxt" {vamp, rF++ Dex+3 Stlth-}
   (You found it on level 5 of the Dungeon)

   It inflicts no extra harm, but heals its wielder when it wounds a living foe.
   It affects your dexterity (+3).
   It greatly protects you from fire.
   It makes you less stealthy.
 A - a +6 demon whip of electrocution (weapon)
Missiles
 X - 6 large rocks (quivered)
Armour
 c - a +3 shield of resistance (worn)
 H - +2 ice dragon scales (worn)
 K - a +2 hat of see invisible (worn)
 R - a +2 cloak of magic resistance (worn)
 Z - a +0 large shield of reflection
Jewellery
 a - the ring "Noclura" {Fire -Tele MR++ Str+3 Int+3}
   (You found it in an ice cave)

   [ring of fire]

   It enhances your fire magic.
   It affects your strength (+3).
   It affects your intelligence (+3).
   It protects you from fire.
   It makes you vulnerable to cold.
   It affects your resistance to hostile enchantments.
   It prevents most forms of teleportation.
 i - a +6 ring of protection (left hand)
 r - an uncursed ring of protection from cold
 v - an uncursed ring of resist corrosion
 E - a +6 ring of slaying (right hand)
 J - an uncursed ring of protection from fire
 L - the amulet "Ruoxt" {Reflect Str+2 SH+5}
   (You bought it in a shop on level 2 of the Orcish Mines)

   [amulet of reflection]

   It shields you and reflects attacks.
   It affects your strength (+2).
   It affects your SH (+5).
 N - an uncursed ring of positive energy
 P - an uncursed ring of see invisible
 T - a +6 ring of protection
 V - the ring of the Duke {Ice Str+5 Dex+3}
   (You found it in a Gauntlet)

   [ring of ice]

   It enhances your ice magic.
   It affects your strength (+5).
   It affects your dexterity (+3).
   It makes you vulnerable to fire.
   It protects you from cold.
 Y - an amulet of regeneration (around neck)
Wands
 b - a wand of acid (46)
 y - a wand of polymorph (9)
 B - a wand of paralysis (15)
 D - a wand of disintegration (44)
 G - a wand of iceblast (38)
 U - a wand of digging (4)
 W - a wand of scattershot (6)
Scrolls
 e - 5 scrolls of identify
 k - 13 scrolls of teleportation
 q - 10 scrolls of remove curse
 u - a scroll of fear
 w - 2 scrolls of magic mapping
 C - 5 scrolls of fog
 F - 4 scrolls of immolation
 Q - a scroll of blinking
 S - 2 scrolls of summoning
Potions
 g - 2 potions of agility
 h - 22 potions of curing
 j - 4 potions of cancellation
 m - 3 potions of heal wounds
 n - 3 potions of haste
 o - 6 potions of flight
 p - 3 potions of lignification
 s - 3 potions of magic
 t - 2 potions of ambrosia
 z - 3 potions of might
 M - a potion of brilliance
 O - a potion of resistance
Books
 I - a manual of Long Blades
Miscellaneous
 l - a phantom mirror
Comestibles
 f - 32 rations
 x - 3 chunks of flesh


   Skills:
 + Level 18.1(23.1) Fighting
 - Level 12.6(17.6) Maces & Flails
 - Level 7.1(12.1) Throwing
 - Level 10.3(15.3) Armour
 - Level 7.5(12.5) Dodging
 + Level 10.4(15.4) Shields
 + Level 16.0 Invocations
 - Level 4.0 Evocations


You had 16 spell levels left.
You didn't know any spells.
Your spell library contained the following spells:

 Spells                   Type           Power        Failure   Level  Hunger
 Animate Skeleton         Necr           N/A          65%         1    ##.....
 Apportation              Tloc           #.....       65%         1    ##.....
 Beastly Appendage        Tmut           #.....       65%         1    ##.....
 Confusing Touch          Hex            #.....       65%         1    ##.....
 Corona                   Hex            #......      65%         1    ##.....
 Flame Tongue             Conj/Fire      #....        65%         1    ##.....
 Magic Dart               Conj           #...         65%         1    ##.....
 Sandblast                Erth           #.....       65%         1    ##.....
 Sting                    Conj/Pois      #...         65%         1    ##.....
 Summon Small Mammal      Summ           #...         65%         1    ##.....
 Blink                    Tloc           N/A          78%         2    ###....
 Call Imp                 Summ           #.......     78%         2    ###....
 Ensorcelled Hibernation  Hex/Ice        #.....       78%         2    ###....
 Passwall                 Tmut/Erth      #.......     78%         2    ###....
 Poisonous Vapours        Pois/Air       #.....       78%         2    ###....
 Searing Ray              Conj           #.....       78%         2    ###....
 Slow                     Hex            #.......     78%         2    ###....
 Sticks to Snakes         Tmut           #.......     78%         2    ###....
 Throw Flame              Conj/Fire      #.....       78%         2    ###....
 Confuse                  Hex            #.......     95%         3    ####...
 Conjure Flame            Conj/Fire      #.......     95%         3    ####...
 Dazzling Spray           Conj/Hex       #.....       95%         3    ####...
 Inner Flame              Hex/Fire       #.......     95%         3    ####...
 Mephitic Cloud           Conj/Pois/Air  #.......     95%         3    ####...
 Ozocubu's Armour         Chrm/Ice       #.......     95%         3    ####...
 Spectral Weapon          Hex/Chrm       #.......     95%         3    ####...
 Spider Form              Tmut/Pois      #.........   95%         3    ####...
 Stone Arrow              Conj/Erth      #.....       95%         3    ####...
 Tukima's Dance           Hex            #.......     95%         3    ####...
 Force Lance              Conj/Tloc      #.......     100%        4    #####..
 Fulminant Prism          Conj/Hex       #.........   100%        4    #####..
 Ice Form                 Ice/Tmut       #.......     100%        4    #####..
 Iskenderun's Mystic Bla  Conj           #.......     100%        4    #####..
 Leda's Liquefaction      Hex/Erth       #.........   100%        4    #####..
 Olgreb's Toxic Radiance  Pois           #.......     100%        4    #####..
 Petrify                  Tmut/Erth      #.......     100%        4    #####..
 Sticky Flame             Conj/Fire      #.......     100%        4    #####..
 Blade Hands              Tmut           #.........   100%        5    ######.
 Bolt of Magma            Conj/Fire/Erth #.........   100%        5    ######.
 Fireball                 Conj/Fire      #.........   100%        5    ######.
 Lee's Rapid Deconstruct  Erth           #.........   100%        5    ######.
 Metabolic Englaciation   Hex/Ice        #.........   100%        5    ######.
 Venom Bolt               Conj/Pois      #.........   100%        5    ######.
 Iron Shot                Conj/Erth      #.........   100%        6    #######
 Statue Form              Tmut/Erth      #........    100%        6    #######
 Shatter                  Erth           #.........   100%        9    #######


Dungeon Overview and Level Annotations

Branches:
Dungeon (14/15)            Temple (1/1) D:6            Lair (6/6) D:11
 Shoals (0/4) Lair:2        Snake (0/4) Lair:4        Slime (0/5) Lair:5
    Orc (2/2) D:11            Elf (3/3) Orc:2        Vaults (0/5) D:14
Ossuary (visited)           IceCv (visited)         Gauntlet (visited)

Altars:
Ashenzari
Cheibriados
Elyvilon
Fedhas
Gozag
Hepliaklqana
Kikubaaqudgha
Okawaru
Sif Muna
Trog
Vehumet
Zin
The Shining One
Beogh
Jiyva

Shops:
D:7 [%[   D:9 [   Orc:2 :=:*   Elf:3 *


Innate Abilities, Weirdness & Mutations

You are too large for most types of armour.
You have tough skin. (AC +1)


Message History

The deep elf demonologist mumbles some strange words.
You whack the deep elf sorcerer!
Lightning courses through the deep elf sorcerer!!
You kill the deep elf sorcerer!
Okawaru accepts your kill.
Your Invocations skill increases to level 16!
The deep elf demonologist barely misses you.
The Tzitzimitl engulfs you but does no damage.
You block the Tzitzimitl's attack.
The red devil hits you but does no damage.
The Brimstone Fiend calls on the powers of darkness!
The deep elf demonologist convulses!
Your body is wracked with pain!
* * * LOW HITPOINT WARNING * * *
The deep elf annihilator convulses!
The deep elf annihilator points at you and mumbles some strange words.
The bolt of lightning hits the Tzitzimitl.
The Tzitzimitl resists.
The bolt of lightning hits you!!!
* * * LOW HITPOINT WARNING * * *
The bolt of lightning hits you!!
You die...

,,,,,,,,,*#...........#*,,,,,,,,,
,,,,,,,,,*#...........#*,,,,,,,,,
,,***,,,,*#...........#*,,,,**,,,
,,,,,,,,,*#...........#*,,,,,*,,,
,,,,,,,,,*#...........#*,,,,,,,,,
,,,,,,,,,*#......)..e.#*,,,,,,,,,
,,,,,,,***###...44..###***,,,,,,,
*,,,,,** ##.1e14## **,,,,,*
***,*** ###@### ***,*** *** #.#
***
################.#############
.............................#
.............................#
.............................#
#..################'######...#
#..'...........).........+...#
#..#.....................#...#


You could see a Tzitzimitl, a Brimstone Fiend, a deep elf annihilator, a deep
elf demonologist, an ice devil, a chaos spawn and a red devil.

Vanquished Creatures
  A deep elf blademaster (Elf:2)
  Frances (D:14)
  Gastronok (D:11)
  The ghost of feelmyfire the Fencer, an adept HaAr of Uskayaw (Elf:3)
  A daeva (Abyss:2)
  2 deep elf sorcerers (Elf:3)
  5 deep elf demonologists
  3 minotaurs
  6 dire elephants (Lair:6)
  The ghost of skumtomte the Severer, a journeyman HOBe of Trog (D:12)
  A deep elf death mage (Elf:3)
  A deep elf high priest (Elf:1)
  6 hydras
  A centaur warrior (D:10)
  A death knight (D:11)
  An anaconda (Lair:6)
  3 ice dragons
  2 catoblepae
  21 dancing weapons
  Erica (Lair:1)
  A tengu warrior (D:14)
  An ogre mage (D:14)
  5 orc high priests (Orc:2)
  9 death yaks
  2 thrashing horrors (Abyss:2)
  2 two-headed ogres (D:14)
  3 hell hogs (Abyss:2)
  18 deep elf knights
  Urug (Lair:4)
  Nergalle (D:11)
  A wretched star (Abyss:2)
  A sixfirhy (Gauntlet)
  A skeletal warrior (D:11)
  An unseen horror (D:10)
  6 deep elf archers
  Pikel (D:5)
  2 oklob plants (Lair:5)
  47 deep elf magi
  5 orc sorcerers
  A manticore (D:12)
  10 orc knights
  2 cyclopes
  11 ugly things
  13 elephants
  2 merfolk sirens (Lair:2)
  2 black mambas
  5 spiny frogs
  2 ice statues (IceCv)
  5 rime drakes
  A gargoyle (D:7)
  2 smoke demons (Abyss:2)
  A torpor snail (Gauntlet)
  An efreet (D:14)
  A tengu conjurer (D:14)
  4 kobold demonologists
  9 yaktaurs
  2 freezing wraiths (D:11)
  5 komodo dragons
  2 merfolk (Lair:2)
  A troll (shapeshifter) (Elf:2)
  An ice devil (D:12)
  9 trolls
  A polar bear (Lair:3)
  A hornet (Lair:4)
  3 meliai (D:14)
  A polar bear (shapeshifter) (D:13)
  6 slime creatures (D:13)
  Prince Ribbit (D:5)
  Grinder (D:5)
  7 hippogriffs
  5 dream sheep (Lair:6)
  5 flying skulls (Gauntlet)
  4 air elementals
  4 wyverns
  3 centaur simulacra (D:12)
  A vampire (D:13)
  3 water elementals
  A wraith (D:14)
  A ynoxinul (Abyss:2)
  A human (D:10)
  26 yaks
  A steam dragon (D:11)
  3 large abominations (Abyss:2)
  3 fire elementals (Elf:3)
  3 hogs (D:10)
  7 basilisks
  A hungry ghost (D:9)
  3 vampire mosquitoes (D:14)
  2 wargs (Orc:2)
  4 small abominations (Abyss:2)
  6 water moccasins
  6 porcupines
  5 sky beasts
  A black bear (D:9)
  19 ice beasts
  36 orc warriors
  2 eyes of draining
  2 slaves (D:5)
  7 ogres
  5 wolves (Lair:4)
  12 centaurs
  4 big kobolds
  7 crocodiles
  11 bullfrogs
  3 earth elementals
  A wyvern zombie (D:9)
  13 scorpions
  A wyvern skeleton (D:9)
  A hornet simulacrum (D:12)
  20 killer bees
  4 wights (D:12)
  2 electric eels
  5 howler monkeys
  A human zombie (Ossuary)
  6 centaur zombies
  3 quasits
  3 bullfrog zombies
  7 crimson imps
  A water moccasin simulacrum (D:12)
  23 orc priests
  10 hounds
  3 jellies
  29 orc wizards
  A bullfrog skeleton (D:8)
  2 iguanas
  13 worker ants
  A killer bee zombie (D:7)
  A big kobold zombie (Ossuary)
  A bullfrog simulacrum (D:12)
  3 hound zombies
  2 hound skeletons
  3 mummies (Ossuary)
  3 worker ant zombies
  10 adders
  16 gnolls
  2 shadow imps (D:14)
  12 white imps (Orc:2)
  3 ufetubi (Gauntlet)
  2 oozes
  2 adder zombies (D:6)
  3 adder skeletons
  3 dart slugs
  2 leopard geckos
  96 orcs
  A ball python (D:5)
  4 bats
  4 giant cockroaches
  A gnoll zombie (Ossuary)
  8 hobgoblins
  7 jackals
  19 kobolds
  5 quokkas
  A ball python zombie (D:5)
  4 frilled lizards
  6 goblins
  2 goblin zombies (Ossuary)
  3 hobgoblin zombies (Ossuary)
  2 jackal zombies
  4 kobold zombies (Ossuary)
  2 quokka skeletons
  4 rats
  4 plants (Lair:6)
883 creatures vanquished.

Vanquished Creatures (others)
  A deep elf mage (Elf:1)
  2 rime drakes (D:12)
  A slave (D:5)
  3 orc priests
  A jelly (D:5)
  An orc wizard (D:14)
  6 orcs
  7 fungi
  A lurking horror (Abyss:2)
  2 plants
25 creatures vanquished.

Grand Total: 908 creatures vanquished

Notes
Turn   | Place    | Note
-------+----------+-------------------------------------------
     0 | D:1      | Ijustatesigmund the Ogre Fighter began the quest for the
                  | Orb.
     0 | D:1      | Reached XP level 1. HP: 24/24 MP: 1/1
   101 | D:1      | Reached XP level 2. HP: 31/32 MP: 2/2
   970 | D:2      | Reached XP level 3. HP: 34/40 MP: 3/3
  1411 | D:3      | Reached XP level 4. HP: 9/49 MP: 4/4
  1561 | D:3      | Reached skill level 5 in Fighting
  2478 | D:4      | Reached XP level 5. HP: 45/57 MP: 5/5
  3150 | D:4      | Found a glowing silver altar of Zin.
  3279 | D:4      | Reached XP level 6. HP: 67/67 MP: 6/6
  3282 | D:4      | Noticed an eye of draining
  3283 | D:4      | Reached skill level 6 in Fighting
  3312 | D:4      | Killed an eye of draining
  3312 | D:4      | Reached skill level 5 in Maces & Flails
  3319 | D:4      | Found a bloodstained altar of Trog.
  3480 | D:4      | Found a radiant altar of Vehumet.
  3480 | D:4      | Found a white marble altar of Elyvilon.
  3575 | D:5      | Entered Level 5 of the Dungeon
  3575 | D:5      | Noticed Grinder
  3583 | D:5      | Killed Grinder
  3583 | D:5      | Reached XP level 7. HP: 76/76 MP: 7/7
  3607 | D:5      | Reached skill level 7 in Fighting
  3703 | D:5      | Got a shimmering mace
  3704 | D:5      | Identified the +6 mace "Agoxt" {vamp, rF++ Dex+3 Stlth-}
                  | (You found it on level 5 of the Dungeon)
  3743 | D:5      | Noticed Prince Ribbit
  3772 | D:5      | Killed Prince Ribbit
  3917 | D:5      | Reached XP level 8. HP: 69/88 MP: 8/8
  3954 | D:5      | Noticed Pikel
  3973 | D:5      | Killed Pikel
  3973 | D:5      | Reached skill level 8 in Fighting
  4442 | D:5      | Found an opulent altar of Gozag.
  4451 | D:5      | Identified the +3 mace "Ogreslayer" {freeze, rPois rF- rC-
                  | Str+7} (You found it on level 5 of the Dungeon)
  4789 | D:6      | Found a shattered altar of Ashenzari.
  4999 | D:6      | Reached skill level 9 in Fighting
  5097 | D:6      | Found a staircase to the Ecumenical Temple.
  5198 | D:6      | Reached XP level 9. HP: 85/98 MP: 9/9
  5424 | Temple   | Entered the Ecumenical Temple
  5443 | Temple   | Became a worshipper of Warmaster Okawaru
  5515 | D:7      | Reached skill level 1 in Invocations
  5567 | D:7      | Found Juyganasi's Armour Shoppe.
  5606 | D:7      | Noticed a gargoyle
  5615 | D:7      | Killed a gargoyle
  5733 | D:7      | Found Coot's Armour Boutique.
  5751 | D:7      | Bought a +2 robe of magic resistance for 212 gold pieces
  5761 | D:7      | Reached * piety under Okawaru
  5870 | D:7      | Found Kuaprot's Food Shop.
  6061 | D:8      | Found a sand-covered staircase.
  6067 | Ossuary  | Entered an ossuary
  6258 | Ossuary  | Identified a scroll of acquirement
  6511 | D:8      | Found a glowing golden altar of the Shining One.
  6526 | D:8      | Reached ** piety under Okawaru
  6526 | D:8      | Reached skill level 5 in Shields
  6704 | D:8      | Reached XP level 10. HP: 107/107 MP: 13/13
  6827 | D:8      | Reached skill level 5 in Invocations
  6927 | D:8      | Reached skill level 1 in Evocations
  7411 | D:9      | Found Ownuqy's Antique Armour Boutique.
  7439 | D:9      | Reached *** piety under Okawaru
  7567 | D:9      | Reached skill level 10 in Maces & Flails
  7823 | D:10     | Entered Level 10 of the Dungeon
  8174 | D:10     | Reached **** piety under Okawaru
  8325 | D:10     | Noticed a centaur warrior
  8341 | D:10     | Killed a centaur warrior
  8341 | D:10     | Reached skill level 10 in Fighting
  8341 | D:10     | Reached XP level 11. HP: 107/117 MP: 16/16
  8369 | D:10     | Noticed an unseen horror
  8382 | D:10     | Killed an unseen horror
  8830 | D:11     | Found a staircase to the Orcish Mines.
  8830 | D:11     | Noticed a purple ugly thing
  8852 | D:10     | Killed a purple ugly thing
  8852 | D:10     | Reached ***** piety under Okawaru
  8917 | D:11     | Reached skill level 11 in Fighting
  9016 | D:11     | Noticed a brown ugly thing
  9034 | D:11     | Killed a brown ugly thing
  9347 | D:11     | Noticed a death knight
  9347 | D:11     | Noticed a skeletal warrior
  9377 | D:11     | Killed a death knight
  9396 | D:11     | Killed a skeletal warrior
  9521 | D:11     | Received a gift from Okawaru
  9639 | D:11     | Found a staircase to the Lair.
  9666 | Lair:1   | Entered Level 1 of the Lair of Beasts
 10276 | Lair:1   | Reached skill level 12 in Fighting
 10309 | Lair:1   | Reached XP level 12. HP: 115/132 MP: 19/19
 10530 | Lair:1   | Noticed a five-headed hydra
 11008 | Lair:1   | Noticed Erica
 11022 | Lair:1   | Killed Erica
 11380 | Lair:1   | Received a gift from Okawaru
 11380 | Lair:1   | Reached skill level 10 in Invocations
 11733 | D:11     | Reached skill level 1 in Armour
 12025 | D:11     | Noticed Nergalle
 12049 | D:11     | Killed Nergalle
 12125 | D:11     | Reached skill level 13 in Fighting
 12368 | D:11     | Noticed Gastronok
 12415 | D:11     | Killed Gastronok
 12514 | D:11     | Noticed a death yak
 12529 | D:11     | Noticed a death yak
 12531 | D:11     | Killed a death yak
 12531 | D:11     | Reached XP level 13. HP: 98/144 MP: 19/21
 12534 | D:11     | Noticed a minotaur
 12903 | D:11     | Identified the +1 plate armour "Qoc Buco" {rC+ Int+2}
 12904 | D:11     | Identified the cursed +1 robe of Xeunucum {rPois rN+ rCorr}
 12939 | D:11     | Killed a minotaur
 13128 | D:11     | Noticed a minotaur
 13156 | D:11     | Reached skill level 5 in Armour
 13220 | D:11     | Killed a minotaur
 13220 | D:11     | Received a gift from Okawaru
 13478 | D:12     | Found a runed translucent gate.
 13478 | D:12     | Found a runed translucent gate.
 13478 | D:12     | Found a runed translucent gate.
 13583 | D:12     | Found a white marble altar of Elyvilon.
 13663 | D:12     | Reached skill level 14 in Fighting
 14070 | D:12     | Noticed an ice dragon
 14071 | D:12     | Noticed skumtomte's ghost (journeyman HOBe)
 14449 | D:12     | Killed skumtomte's ghost
 14453 | D:12     | Received a gift from Okawaru
 14481 | D:12     | Got a jewelled morningstar {god gift}
 14482 | D:12     | Identified the +5 morningstar "Vedooxuf" {pain, Int+4}
                  | (Okawaru gifted it to you on level 12 of the Dungeon)
 14508 | D:12     | Killed an ice dragon
 14790 | D:13     | Reached ****** piety under Okawaru
 15134 | D:14     | Noticed Frances
 15151 | D:14     | Killed Frances
 15151 | D:14     | Received a gift from Okawaru
 15154 | D:14     | Got a warped robe {god gift}
 15185 | D:14     | Reached XP level 14. HP: 126/157 MP: 22/22
 15257 | D:14     | Found a gate to the Vaults.
 15261 | D:14     | Reached skill level 1 in Throwing
 16137 | Lair:2   | Found a staircase to the Shoals.
 16168 | Lair:2   | Reached skill level 15 in Fighting
 16730 | Lair:2   | Reached skill level 5 in Dodging
 17195 | Lair:3   | Identified the +1 robe "Etouger" {rElec rPois rF+ Int-5}
                  | (Okawaru gifted it to you on level 14 of the Dungeon)
 17856 | Lair:4   | Found a staircase to the Snake Pit.
 17899 | Lair:4   | Noticed Urug
 17911 | Lair:4   | Killed Urug
 18431 | Lair:4   | Found the +4 robe of Augmentation {Str+4 Int+4 Dex+4}
 18742 | Lair:4   | Received a gift from Okawaru
 18960 | Lair:5   | Found a viscous altar of Jiyva.
 18961 | Lair:5   | Found a staircase to the Slime Pits.
 19892 | Lair:6   | Entered Level 6 of the Lair of Beasts
 19932 | Lair:6   | Reached XP level 15. HP: 158/167 MP: 24/24
 20621 | Lair:6   | Reached skill level 5 in Throwing
 21306 | Orc:1    | Entered Level 1 of the Orcish Mines
 21842 | Orc:1    | Received a gift from Okawaru
 21892 | Orc:1    | Found a roughly hewn altar of Beogh.
 22320 | Orc:2    | Entered Level 2 of the Orcish Mines
 22401 | Orc:2    | Found a frozen archway.
 22428 | IceCv    | Entered an ice cave
 22731 | IceCv    | Got a scintillating golden ring
 22745 | IceCv    | Identified the ring "Noclura" {Fire -Tele MR++ Str+3 Int+3}
                  | (You found it in an ice cave)
 22821 | Orc:2    | Found a gate leading to a gauntlet.
 22825 | Orc:2    | Found a staircase to the Elven Halls.
 22831 | Gauntlet | Entered a Gauntlet
 22831 | Gauntlet | Found a transporter.
 22831 | Gauntlet | Found a transporter.
 22842 | Gauntlet | Found a transporter.
 22843 | Gauntlet | Found a transporter.
 22846 | Gauntlet | Found a transporter.
 22846 | Gauntlet | Found a transporter.
 22877 | Gauntlet | Found a transporter.
 22880 | Gauntlet | Found a transporter.
 22888 | Gauntlet | Found a transporter.
 22908 | Gauntlet | Found a transporter.
 22920 | Gauntlet | Found a transporter.
 22924 | Gauntlet | Found a transporter.
 23105 | Gauntlet | Reached skill level 10 in Armour
 23177 | Gauntlet | Identified the Papyrus of Frigorific Beguiling
 23188 | Gauntlet | Got a shimmering iron ring
 23189 | Gauntlet | Identified the +1 mace of Cotics {elec, rC- rN+ Str+7
                  | Int-3} (You found it in a Gauntlet)
 23194 | Gauntlet | Identified the ring of the Duke {Ice Str+5 Dex+3} (You
                  | found it in a Gauntlet)
 23519 | Orc:2    | Reached XP level 16. HP: 151/176 MP: 26/26
 23535 | Orc:2    | Received a gift from Okawaru
 23871 | Orc:2    | Received a gift from Okawaru
 24247 | Orc:2    | Found Reuget's Book Boutique.
 24250 | Orc:2    | Found Ytooch's Jewellery Shop.
 24251 | Orc:2    | Found Suxog's General Store.
 24252 | Orc:2    | Found Dakosa's Book Boutique.
 24255 | Orc:2    | Bought a scroll of teleportation for 30 gold pieces
 24266 | Orc:2    | Bought the amulet "Ruoxt" {Reflect Str+2 SH+5} for 524 gold
                  | pieces
 24266 | Orc:2    | Bought a +6 ring of protection for 780 gold pieces
 24373 | Elf:1    | Entered Level 1 of the Elven Halls
 25138 | Elf:1    | Received a gift from Okawaru
 25276 | Elf:1    | Reached skill level 16 in Fighting
 25294 | Elf:1    | Cast into level 2 of the Abyss (a deep elf demonologist)
 25598 | Abyss:2  | Noticed a daeva
 25620 | Abyss:2  | Killed a daeva
 25892 | Elf:1    | Escaped the Abyss
 26303 | Elf:2    | Received a gift from Okawaru
 26636 | Elf:2    | Found a runed translucent gate.
 26636 | Elf:2    | Found a runed translucent gate.
 26636 | Elf:2    | Found a runed translucent gate.
 26715 | Elf:2    | Reached XP level 17. HP: 182/189 MP: 28/28
 26980 | Elf:2    | Reached skill level 15 in Invocations
 26986 | Elf:2    | Reached skill level 17 in Fighting
 27711 | Elf:2    | Noticed a deep elf blademaster
 27724 | Elf:2    | Killed a deep elf blademaster
 27724 | Elf:2    | Received a gift from Okawaru
 27806 | Elf:3    | Entered Level 3 of the Elven Halls
 28060 | Elf:3    | Reached skill level 10 in Shields
 28241 | Elf:3    | Found Lototem's General Store.
 28249 | Elf:3    | Bought a scroll of acquirement for 780 gold pieces
 28420 | Elf:3    | Received a gift from Okawaru
 28436 | Elf:3    | Found a runed translucent door.
 28436 | Elf:3    | Noticed feelmyfire's ghost (adept HaAr)
 28462 | Elf:3    | Killed feelmyfire's ghost
 28809 | Elf:3    | Reached skill level 18 in Fighting
 28873 | Elf:3    | Noticed a Hell Sentinel
 28875 | Elf:3    | Noticed an Ice Fiend
 28932 | Elf:3    | Noticed a Tzitzimitl
 28946 | Elf:3    | Noticed a Brimstone Fiend
 28947 | Elf:3    | HP: 1/193 [deep elf annihilator/bolt of lightning (36)]
 28947 | Elf:3    | Killed from afar by a deep elf annihilator

Levels and vault maps discovered:
D:1:      sevenhm_arrival_forest_fort_large_4, layout_loops_corners
D:2:      layout_rooms, grunt_decor_fettered, kennysheep_decorative_pillar
D:3:      layout_basic, first_ration
D:4:      layout_loops_ring, trog_eyes_of_draining,
          gammafunk_temple_overflow_pools, zin_scriptorium
D:5:      layout_basic, grunt_gozag_statues, uniq_prince_ribbit1, uniq_pikel,
          uniq_grinder
D:6:      layout_basic, ashenzari_altar_1, minmay_temple_entry_sparse_star,
          minmay_fractal_squares_diagonal_5
D:7:      layout_rooms, serial_shops, shop, shop, shop,
          chequers_serial_rivers_room_a
D:8:      layout_loops_ring, basic_altar, nicolae_ossuary_entry_false_entrances
D:9:      layout_cave_pools, serial_shops, nicolae_shop_stone
D:10:     layout_loops_corners, grunt_livestock
D:11:     fort_yaktaur, layout_basic, erik_lair_island, orc_0_dummy,
          serial_aquarium, aquarium_bridge_straight [aquarium_subvault_bridge,
          aquarium_subvault_window, aquarium_subvault_bridge,
          aquarium_subvault_window], aquarium_window_1, aquarium_window_fake,
          aquarium_window_corner, aquarium_window_fake, aquarium_view_2e,
          aquarium_view_2a, aquarium_balcony_3a, chequers_jeans,
          kennysheep_generic_room_5, uniq_nergalle, uniq_gastronok
D:12:     layout_basic, gammafunk_ghost_icy, elyvilon_altar_4
D:13:     layout_cave_pools
D:14:     layout_gridville, david_vaults_2, eino_jars, uniq_frances
Temple:   eino_temple_scatter_basement
Lair:1:   layout_roguey, uniq_erica
Lair:2:   layout_cave_pods, elwin_shoals_entry_stream
Lair:3:   layout_cave_pods
Lair:4:   layout_roguey, dummy_snake_entry, kennysheep_basilisk_garden,
          serial_bayou_shore_a, uniq_urug
Lair:5:   layout_hall_layers, slime_altar_1, serial_bayou_shore_b,
          minmay_lair_oklob_chamber
Lair:6:   due_jungle_book, layout_long_grid
Orc:1:    layout_caves, mines1_david
Orc:2:    st_orc_pillars, layout_caves, gauntlet_entry_generic,
          portal_ice_cave_entry_imps
Elf:1:    eino_elf_arrival_customs, layout_loops_cross, hangedman_elf_represent
Elf:2:    layout_geoelf_octagon
Elf:3:    minmay_elf_hall_hex, layout_onion_city, ebering_ghost_inner_flame,
          serial_shops, shop, patterned_corridor

Skill      XL: |  1  2  3  4  5  6  7  8  9 10 11 12 13 14 15 16 17 |
---------------+----------------------------------------------------+-----
Maces & Flails | 2 3 4 5 6 8 9 10 11 12 | 12.6
Fighting       | 5 6 7 9 10 12 13 14 15 16 18 | 18.1
Invocations    | 4 7 9 10 11 12 13 14 16 | 16.0
Shields        | 5 6 9 10 | 10.4
Evocations     | 2 4 |  4.0
Armour         | 4 7 9 10 | 10.3
Dodging        | 4 5 7 |  7.5
Throwing       | 4 6 7 |  7.1

Action                   |  1- 3 |  4- 6 |  7- 9 | 10-12 | 13-15 | 16-18 || total
-------------------------+-------+-------+-------+-------+-------+-------++-------
Melee: Flail             |    74 |   160 |    14 |       |       |       ||   248
       Mace              |       |       |   303 |   949 |   162 |       ||  1414
       Demon whip        |       |       |       |       |  1385 |   834 ||  2219
Throw: Large rock        |       |       |       |     4 |    14 |     3 ||    21
Invok: Heroism           |       |       |       |     7 |    15 |     5 ||    27
       Finesse           |       |       |       |     2 |     4 |     2 ||     8
Evoke: Wand              |     2 |     3 |     2 |     9 |     3 |     4 ||    23
  Use: Scroll            |     7 |     4 |    13 |     7 |    28 |    10 ||    69
       Potion            |       |     1 |     1 |       |     4 |     3 ||     9
 Stab: Paralysed         |     3 |     3 |       |       |       |       ||     6
  Eat: Chunk             |     1 |     8 |     8 |    13 |    25 |    14 ||    69
       Ration            |       |       |     1 |     2 |     3 |     1 ||     7
Armor: Robe              |    17 |    52 |    98 |   208 |       |       ||   375
       Ice dragon scales |       |       |       |    71 |   511 |   226 ||   808
Dodge: Dodged            |    22 |    46 |    89 |   282 |   335 |   114 ||   888
Block: Shield            |    33 |    72 |   157 |   676 |   714 |   323 ||  1975
       Reflection        |       |       |       |       |       |     7 ||     7

Table legend:
 A = Non-vault XP
 B = Vault XP
 C = Vault XP percentage of total XP
 D = Non-vault monster count
 E = Vault monster count
 F = Vault count percentage of total count
                 A         B        C        D         E       F
            +---------+---------+-------+---------+---------+-------
      Total |  126508 |  102902 |  44.9 |     597 |     283 |  32.2
            +---------+---------+-------+---------+---------+-------
        D:1 |      27 |       0 |   0.0 |      14 |       0 |   0.0
        D:2 |      30 |       0 |   0.0 |      10 |       0 |   0.0
        D:3 |      97 |       0 |   0.0 |      22 |       0 |   0.0
        D:4 |     227 |     131 |  36.6 |      17 |       3 |  15.0
        D:5 |     285 |    1161 |  80.3 |      18 |       3 |  14.3
        D:6 |     294 |     194 |  39.8 |      15 |       5 |  25.0
        D:7 |     957 |       0 |   0.0 |      14 |       0 |   0.0
        D:8 |    1060 |       0 |   0.0 |      16 |       0 |   0.0
        D:9 |    2276 |       0 |   0.0 |      33 |       0 |   0.0
       D:10 |    3861 |    1157 |  23.1 |      32 |       9 |  22.0
       D:11 |    6599 |   14884 |  69.3 |      38 |      35 |  47.9
       D:12 |    4614 |    4389 |  48.8 |      22 |      13 |  37.1
       D:13 |    3913 |       0 |   0.0 |      28 |       0 |   0.0
       D:14 |    7825 |    5946 |  43.2 |      32 |       9 |  22.0
     Lair:1 |    4063 |    1724 |  29.8 |      22 |       9 |  29.0
     Lair:2 |    3091 |    1579 |  33.8 |      14 |       4 |  22.2
     Lair:3 |    3018 |       0 |   0.0 |      10 |       0 |   0.0
     Lair:4 |    5183 |    1566 |  23.2 |      19 |       5 |  20.8
     Lair:5 |    3901 |    1327 |  25.4 |       8 |       3 |  27.3
     Lair:6 |   14263 |    2778 |  16.3 |      23 |       5 |  17.9
      Orc:1 |    6657 |       0 |   0.0 |      64 |       0 |   0.0
      Orc:2 |    3031 |   11490 |  79.1 |      38 |      72 |  65.5
      Elf:1 |    7194 |    9897 |  57.9 |      12 |      15 |  55.6
      Elf:2 |   20018 |   21941 |  52.3 |      30 |      27 |  47.4
      Elf:3 |   14975 |    8667 |  36.7 |      27 |       6 |  18.2
    Abyss:2 |    9049 |       0 |   0.0 |      19 |       0 |   0.0
    Ossuary |       0 |     752 | 100.0 |       0 |      24 | 100.0
      IceCv |       0 |    5357 | 100.0 |       0 |      20 | 100.0
   Gauntlet |       0 |    7962 | 100.0 |       0 |      16 | 100.0
            +---------+---------+-------+---------+---------+-------
